 Dungeon Crawl Stone Soup version 0.28.0-53-g5a82cb258f (webtiles) character file.

Game seed: 15802724103709133224

13727 SanguineChosen the Protected (level 11, -8/104 HPs)
             Began as a Minotaur Berserker on July 29, 2022.
             Was a High Priest of Trog.
             Mangled by a salamander
             ... wielding a +0 trident
              (19 damage)
             ... in a volcano on July 30, 2022.
             The game lasted 01:05:36 (10969 turns).

SanguineChosen the Protected (Minotaur Berserker)  Turns: 10969, Time: 01:05:37

Health: -8/104     AC: 30    Str: 34    XL:     11   Next: 79%
Magic:  10/10      EV:  9    Int:  6    God:    Trog [*****.]
Gold:   769        SH:  4    Dex:  6    Spells: 10/10 levels left

rFire   x . .      SeeInvis +   g - +4 flail of Victory {elec, rF- rCorr Str+6 Dex-4}
rCold   . . .      Faith    .   q - +0 buckler
rNeg    . . .      Spirit   .   M - +5 plate armour
rPois   .          Reflect  .   H - +2 hat
rElec   .          Harm     .   h - +0 cloak
rCorr   +          Rampage  .   i - +2 pair of gloves
Will    +....                   v - +0 pair of boots
Stlth   ..........              s - amulet of regeneration
HPRegen 1.07/turn               n - ring of Qeuvis {Will+ Str+4 SInv}
MPRegen 0.12/turn               (no ring)

@: no status effects
A: horns 2, retaliatory headbutt
a: Renounce Religion, Berserk, Trog's Hand, Brothers in Arms


You were in a volcano.
You worshipped Trog.
Trog was extremely pleased with you.
You visited 2 branches of the dungeon, and saw 11 of its levels.
You also visited: Bailey and Volcano.

You collected 769 gold pieces.

Inventory:

Hand Weapons
 g - the +4 flail of Victory (weapon) {elec, rF- rCorr Str+6 Dex-4}
   (You found it on level 2 of the Dungeon)

   It occasionally discharges a powerful burst of electricity upon striking a
   foe.
   Str:       It affects your strength (+6).
   Dex:       It affects your dexterity (-4).
   rF:        It makes you vulnerable to fire.
   rCorr:     It protects you from acid and corrosion.
 m - a +2 war axe
 y - a +4 scimitar of flaming
 A - the +8 spear of Tenacity {antimagic, rN+ Will++ Int-4 SInv}
   (You took it off an orc on level 9 of the Dungeon)

   It reduces the magical energy of the wielder, and disrupts the spells and
   magical abilities of those it strikes.
   Natural abilities and divine invocations are not affected.
   Int:       It affects your intelligence (-4).
   rN:        It protects you from negative energy.
   SInv:      It lets you see invisible.
   Will:      It greatly increases your willpower.
 G - a +0 war axe of electrocution
 L - the +7 great mace "Firestarter" {inner flame, rF++}
   (You found it on level 2 of the Lair of Beasts)

   It burns those it strikes, dealing additional fire damage.
   It fills those it strikes with an explosive inner flame.
   It grants immunity to clouds of flame.
   rF:        It greatly protects you from fire.
 N - a +3 rapier of flaming
Missiles
 k - 4 throwing nets (quivered)
 I - 5 curare-tipped darts
 K - 8 poisoned darts
Armour
 h - a +0 cloak (worn)
 i - a +2 pair of gloves (worn)
 q - a +0 buckler (worn)
 v - a +0 pair of boots (worn)
 F - a +0 troll leather armour
 H - a +2 hat (worn)
 M - a +5 plate armour (worn)
Jewellery
 a - a +6 ring of intelligence
 n - the ring of Qeuvis (left hand) {Will+ Str+4 SInv}
   (You found it on level 4 of the Dungeon)

   [ring of see invisible]

   Str:       It affects your strength (+4).
   SInv:      It lets you see invisible.
   Will:      It increases your willpower.
 s - an amulet of regeneration (around neck)
Wands
 l - a wand of flame (35)
 o - a wand of iceblast (19)
 r - a wand of polymorph (18)
 t - a wand of acid (4)
 x - a wand of digging (7)
Scrolls
 f - 6 scrolls of teleportation
 j - 2 scrolls of fear
 p - 2 scrolls of blinking
 C - a scroll of identify
 D - 2 scrolls of fog
 J - a scroll of enchant weapon
Potions
 b - 3 potions of curing
 d - a potion of cancellation
 e - 3 potions of invisibility
 u - 3 potions of brilliance {unknown}
 w - a potion of might {unknown}
 z - a potion of haste {unknown}
 B - 2 potions of resistance {unknown}
 E - a potion of attraction {unknown}


   Skills:
 + Level 11.9 Fighting
 * Level 11.7(12.1) Axes
 - Level 5.0(9.1) Maces & Flails
 + Level 13.7 Armour
 + Level 5.8 Dodging
 + Level 4.0 Shields
 + Level 2.0 Evocations


You had 10 spell levels left.
You didn't know any spells.
Your spell library was empty.

Dungeon Overview and Level Annotations

Branches:
Dungeon (9/15)             Temple (0/1) D:7            Lair (2/6) D:9
 Bailey (visited)         Volcano (1/1)
  Swamp: Lair:2-4    Shoals: Lair:2-4     Snake: Lair:2-4    Spider: Lair:2-4
    Orc: D:9-12

Altars:
Dithmenos
Elyvilon
Fedhas
Kikubaaqudgha
Makhleb
Okawaru
Qazlal
Sif Muna
Trog
Uskayaw
Wu Jian


Innate Abilities, Weirdness & Mutations

You have a pair of horns on your head.
You reflexively headbutt those who attack you in melee.


Message History

The salamander is lightly wounded.
The centaur barely misses you. The centaur closely misses you.
You block the salamander's attack. The centaur closely misses you.
You furiously retaliate!
You headbutt the centaur. The centaur completely misses you.
You hit the salamander.
The salamander is lightly wounded.
In the distance, the volcano erupts with a roar.
You are engulfed in blazing flames.
* * * LOW HITPOINT WARNING * * *
The centaur is engulfed in blazing flames.
The centaur barely misses you.
The centaur kicks you but does no damage.
The salamander hits you but does no damage.
You feel much better.
You are engulfed in blazing flames.
The centaur is engulfed in blazing flames.
The centaur hits you but does no damage.
The centaur kicks you but does no damage.
The salamander hits you but does no damage.
The centaur is engulfed in blazing flames.
The centaur dies!
You barely miss the salamander.
The salamander is lightly wounded.
You are engulfed in blazing flames.
* * * LOW HITPOINT WARNING * * *
The salamander hits you but does no damage.
You hit the salamander. You headbutt the salamander.
The salamander is moderately wounded.
The salamander hits you but does no damage.
You hit the salamander.
Lightning courses through the salamander!
You headbutt the salamander!
The salamander is severely wounded.
The salamander hits you but does no damage.
You bludgeon the salamander!!
The salamander is almost dead.
The salamander hits you with a +0 trident!
* * * LOW HITPOINT WARNING * * *
You are engulfed in flames!!
The fire burns you terribly!
You die...

≈≈≈§≈...#.).))..≈≈≈≈≈≈≈
§§§§§≈≈.#..).#..≈≈≈≈≈≈≈
≈≈≈≈≈≈..##..##.≈.≈≈≈≈≈≈
#§≈≈≈≈§..####...≈≈≈≈≈≈
§≈≈§§§§.........≈≈≈≈≈≈
#≈§§§§§..####...≈≈≈≈≈≈
≈≈§≈≈§..##..##.≈≈≈≈≈≈≈
#≈≈≈§≈..#)...#.≈≈≈≈≈≈≈
≈°≈°≈≈≈.@N...#.≈≈≈≈≈≈≈
#≈≈≈≈°≈.#$...#..≈≈≈≈≈≈
≈≈≈≈§≈°.##°.##.≈≈≈≈≈≈≈
§≈§≈≈≈≈..####..≈≈≈≈≈≈≈
≈≈≈≈≈°.........≈≈≈≈≈≈≈
≈≈≈≈≈°...####..≈≈≈≈≈≈≈
≈§≈≈≈≈°°## ##.≈≈≈≈≈≈≈
#≈≈≈≈≈..# #^≈≈≈≈≈≈≈
§#≈§≈≈≈.# +^≈≈≈≈≈≈≈


You could see a salamander.

Vanquished Creatures
  Gastronok (D:9)
  A hydra (D:8)
  3 two-headed ogres (Volcano)
  Pikel (D:4)
  2 cane toads (Lair:2)
  A rime drake (Lair:1)
  An efreet (D:8)
  A komodo dragon (Lair:1)
  A troll (D:8)
  2 hornets
  A fire bat (Volcano)
  3 wyverns
  6 yaks (Lair:1)
  2 steam dragons
  5 water moccasins
  2 hell hounds (Volcano)
  An ice beast (D:8)
  A black bear (D:7)
  3 orc warriors
  2 necrophages
  A sky beast (D:8)
  2 ogres
  15 wolves
  5 centaurs
  A lemure (D:4)
  A kobold brigand (D:9)
  2 bullfrogs
  6 scorpions
  10 gnoll sergeants (Bailey)
  2 water moccasin skeletons
  6 killer bees
  3 howler monkeys
  3 centaur zombies
  4 hounds
  7 gnoll shamans
  2 orc priests
  Terence (D:2)
  Jessica (D:2)
  A scorpion zombie (D:3)
  2 iguanas
  7 orc wizards
  3 killer bee zombies
  2 hound skeletons (D:4)
  2 howler monkey zombies
  17 gnolls
  4 adders
  A shadow imp (D:8)
  2 ufetubi
  6 worms
  3 dart slugs
  30 orcs
  3 bats
  9 endoplasms
  3 giant cockroaches
  7 goblins
  8 hobgoblins
  6 jackals
  5 quokkas
  4 ball pythons
  A ball python zombie (D:3)
  6 frilled lizards
  10 kobolds
  3 quokka skeletons (D:3)
  6 rats
263 creatures vanquished.

Vanquished Creatures (others)
  A centaur (Volcano)
  4 plants (D:1)
5 creatures vanquished.

Grand Total: 268 creatures vanquished

Notes
Turn   | Place    | Note
-------+----------+-------------------------------------------
     0 | D:1      | SanguineChosen the Minotaur Berserker began the quest for
                  | the Orb.
     0 | D:1      | Reached XP level 1. HP: 19/19 MP: 0/0
   381 | D:1      | Reached XP level 2. HP: 27/27 MP: 1/1
   583 | D:1      | Found a faded altar of an unknown god.
   906 | D:1      | Reached XP level 3. HP: 34/34 MP: 2/2
  1065 | D:1      | Reached ** piety under Trog
  1500 | D:2      | Noticed Terence
  1522 | D:2      | Killed Terence
  1523 | D:2      | Reached XP level 4. HP: 26/41 MP: 3/3
  1715 | D:2      | Noticed Jessica
  1729 | D:2      | Killed Jessica
  1730 | D:2      | Reached skill level 5 in Fighting
  2120 | D:2      | Reached skill level 3 in Armour
  2125 | D:2      | Reached skill level 5 in Axes
  2244 | D:2      | Identified the +4 flail of Victory {elec, rF- rCorr Str+6
                  | Dex-4}
  2249 | D:2      | Reached XP level 5. HP: 44/44 MP: 4/4
  2711 | D:2      | Reached *** piety under Trog
  2860 | D:3      | Reached XP level 6. HP: 44/56 MP: 5/5
  3047 | D:3      | Reached skill level 4 in Armour
  3435 | D:3      | Found an iron altar of Okawaru.
  3548 | D:4      | Reached skill level 1 in Maces & Flails
  3560 | D:4      | Found an ancient bone altar of Kikubaaqudgha.
  3677 | D:4      | Noticed Pikel
  3709 | D:4      | Killed Pikel
  3710 | D:4      | Reached skill level 5 in Armour
  3710 | D:4      | Reached XP level 7. HP: 54/63 MP: 6/6
  3969 | D:4      | Reached skill level 5 in Maces & Flails
  3969 | D:4      | Reached skill level 6 in Armour
  3969 | D:4      | Reached XP level 8. HP: 70/70 MP: 7/7
  4519 | D:4      | Identified the ring of Qeuvis {Will+ Str+4 SInv}
  4560 | D:5      | Entered Level 5 of the Dungeon
  5094 | D:5      | Found a bloodstained altar of Trog.
  5251 | D:5      | Reached **** piety under Trog
  5272 | D:5      | Reached skill level 7 in Armour
  6651 | D:7      | Reached skill level 8 in Armour
  6651 | D:7      | Reached XP level 9. HP: 79/79 MP: 8/8
  6745 | D:7      | Found a staircase to the Ecumenical Temple.
  6844 | D:7      | Paralysed by a hornet for 3 turns
  6852 | D:7      | Reached skill level 9 in Armour
  7043 | D:8      | Found a hide-covered altar of Uskayaw.
  7043 | D:8      | Noticed an efreet
  7067 | D:8      | Killed an efreet
  7361 | D:8      | Found a white marble altar of Elyvilon.
  7361 | D:8      | Found a faded altar of an unknown god.
  7369 | D:8      | Found a burning altar of Makhleb.
  7371 | D:8      | Found a shimmering blue altar of Sif Muna.
  7373 | D:8      | Found a blossoming altar of Fedhas.
  7443 | D:8      | Found a stormy altar of Qazlal.
  7467 | D:8      | Paralysed by a hornet for 3 turns
  7471 | D:8      | Reached skill level 10 in Armour
  7555 | D:8      | Reached skill level 5 in Dodging
  7605 | D:8      | Noticed a seven-headed hydra
  7615 | D:8      | Killed a seven-headed hydra
  7616 | D:8      | Reached XP level 10. HP: 53/91 MP: 9/9
  7654 | D:8      | Found a shadowy altar of Dithmenos.
  8031 | D:8      | Found an ornate altar of the Wu Jian Council.
  8160 | D:8      | Found a hide-covered altar of Uskayaw.
  8195 | D:8      | Reached skill level 11 in Armour
  8244 | D:8      | Reached skill level 1 in Evocations
  8394 | D:9      | Reached skill level 10 in Axes
  8397 | D:9      | Noticed Gastronok
  8427 | D:9      | Killed Gastronok
  8428 | D:9      | Reached skill level 10 in Fighting
  8428 | D:9      | Reached skill level 12 in Armour
  8428 | D:9      | Reached skill level 1 in Shields
  8494 | D:9      | Found a staircase to the Lair.
  8770 | D:9      | Found a flagged portal.
  8784 | Bailey   | Entered a bailey
  8933 | Bailey   | Reached ***** piety under Trog
  8935 | Bailey   | Reached XP level 11. HP: 70/101 MP: 10/10
  9458 | D:9      | Identified the +8 spear of Tenacity {antimagic, rN+ Will++
                  | Int-4 SInv}
  9684 | Lair:1   | Entered Level 1 of the Lair of Beasts
 10161 | Lair:1   | Reached skill level 13 in Armour
 10540 | Lair:2   | Found the +7 great mace "Firestarter" {inner flame, rF++}
 10616 | Lair:2   | Received a gift from Trog
 10810 | Lair:2   | Found a dark tunnel.
 10815 | Volcano  | Entered a volcano
 10900 | Volcano  | Noticed a two-headed ogre
 10900 | Volcano  | Noticed a two-headed ogre
 10900 | Volcano  | Noticed a two-headed ogre
 10904 | Volcano  | Killed a two-headed ogre
 10906 | Volcano  | Killed a two-headed ogre
 10913 | Volcano  | Killed a two-headed ogre
 10969 | Volcano  | Mangled by a salamander

Illustrated notes

Levels and vault maps discovered:
D:1:      dpeg_arrival_castle, layout_basic,
          shapermc_ecumenical_altar_mp_ritualfount, minmay_tromino_v7
D:2:      layout_rooms, uniq_jessica, uniq_terence
D:3:      layout_rooms, kennysheep_okawaru_gauntlet, serial_undead,
          serial_undead_b, serial_undead_e, serial_undead_e, serial_undead_d,
          serial_undead_b, serial_undead_a
D:4:      layout_basic, kennysheep_little_box, due_unseen_surprise, uniq_pikel
D:5:      layout_loops_ring, overflow_temple_1_default
D:6:      layout_gridville
D:7:      layout_rooms, minmay_temple_entry_wispy
D:8:      layout_loops_corners, nicolae_uskayaw_suspiria,
          chequers_temple_overflow_minitemple, mainiacjoe_overflow_brackets,
          minmay_misc_feat_rugged, hangedman_feature_mirror,
          minmay_ruined_shrine
D:9:      layout_roguey, erik_lair_island, enter_bailey_2, uniq_gastronok
Lair:1:   layout_gridlike
Lair:2:   layout_cave_pods, basic_altar, nicolae_volcano_entry_s_turn,
          st_stairs_13, serial_bayou_shore_a
Volcano:  volcano_village

Skill      XL: |  1  2  3  4  5  6  7  8  9 10 11 |
---------------+----------------------------------+-----
Fighting       | 4 5 6 7 9 10 11 | 11.9
Axes           | 4 5 6 7 9 10 11 | 11.7
Armour         | 3 5 6 8 10 12 13 | 13.7
Dodging        | 3 4 5 |  5.8
Maces & Flails | 4 5 |  5.0
Evocations     | 1 2 |  2.0
Shields        | 1 4 |  4.0

Action                   |  1- 3 |  4- 6 |  7- 9 | 10-12 || total
-------------------------+-------+-------+-------+-------++-------
Melee: Hand axe          |    89 |    69 |       |       ||   158
       Headbutt          |    14 |    21 |    15 |    48 ||    98
       Punch             |     1 |     1 |     1 |       ||     3
       Flail             |       |    47 |   141 |   278 ||   466
       War axe           |       |       |    27 |       ||    27
Throw: Throwing net      |       |       |     1 |     1 ||     2
Evoke: Wand              |       |       |     4 |     9 ||    13
  Use: Scroll            |       |     6 |     8 |     3 ||    17
       Potion            |       |     4 |       |     7 ||    11
Armor: Animal skin       |     7 |       |       |       ||     7
       Ring mail         |    10 |     1 |       |       ||    11
       Scale mail        |       |    45 |    10 |       ||    55
       Chain mail        |       |       |    61 |       ||    61
       Plate armour      |       |       |    16 |   357 ||   373
       Skin              |       |       |       |     2 ||     2
Dodge: Dodged            |    47 |    68 |    83 |   250 ||   448
Block: Buckler           |       |       |       |    69 ||    69
